 Dungeon Crawl Stone Soup version 0.27-a0-279-gdfb9265905 (webtiles) character file.

Game seed: 9408283604255045519

33 puppykicker the Ruffian (level 3, 0/35 HPs)
             Began as an Ogre Transmuter on Feb 7, 2021.
             Slain by an ogre
             ... wielding a +0 giant club
              (11 damage)
             ... on level 3 of the Dungeon.
             The game lasted 00:05:33 (1904 turns).

puppykicker the Ruffian (Ogre Transmuter)           Turns: 1904, Time: 00:05:33

Health: 0/35       AC:  3    Str: 15    XL:     3   Next: 29%
Magic:  6/6        EV: 10    Int: 14    God:
Gold:   94         SH:  0    Dex:  9    Spells: 4/7 levels left

rFire    . . .     SeeInvis .   a - +3 mace (protect)
rCold    . . .     Faith    .   (no shield)
rNeg     . . .     Spirit   .   f - +0 robe
rPois    .         Reflect  .   (helmet restricted)
rElec    .         Harm     .   g - scarf {repulsion}
rCorr    .         Rampage  .   (gloves unavailable)
Will     .....                  (boots unavailable)
Stlth    +.........             b - amulet of inaccuracy (curse)
HPRegen  0.11/turn              (no ring)
MPRegen  0.10/turn              (no ring)

@: repel missiles
A: large, unfitting armour, tough skin 1
a: no special abilities


You were on level 3 of the Dungeon.
You visited 1 branch of the dungeon, and saw 4 of its levels.

You collected 94 gold pieces.

Inventory:

Hand Weapons
 a - a +3 mace of protection (weapon)
Missiles
 h - 35 poisoned darts (quivered)
Armour
 f - a +0 robe (worn)
 g - a scarf of repulsion (worn)
Jewellery
 b - a cursed amulet of inaccuracy (around neck)
Scrolls
 t - a scroll of teleportation
Potions
 c - a potion of invisibility {unknown}
 d - a potion of berserk rage {unknown}
 e - 2 potions of mutation {!q}
 i - 3 potions of curing {unknown}
 j - a potion of flight {unknown}
 k - a potion of might {unknown}
 l - a potion of degeneration {unknown}
 n - 2 potions of haste {unknown}


   Skills:
 - Level 2.0 Fighting
 - Level 2.0 Dodging
 * Level 3.3 Unarmed Combat
 - Level 2.5 Spellcasting
 + Level 2.2 Transmutations


You had 4 spell levels left.
You knew the following spells:

 Your Spells              Type           Power        Failure   Level
a - Beastly Appendage     Tmut           14%          10%         1
w - Wereblood             Tmut           7%           14%         2

Your spell library contained the following spells:

 Spells                   Type           Power        Failure   Level
 Spider Form              Tmut/Pois      2%           41%         3
 Ice Form                 Ice/Tmut       4%           82%         4
 Blade Hands              Tmut           3%           95%         5


Dungeon Overview and Level Annotations

Branches:
Dungeon (4/15)
 Temple: D:4-7

Altars:


Innate Abilities, Weirdness & Mutations

You are too large for most types of armour.
You have tough skin. (AC +1)


Message History

The ogre closely misses you. The giant cockroach barely misses you.
You climb upwards.
A goblin comes into view. It is wielding a +0 dagger.
There is a stone staircase leading down here.
The giant cockroach bites you but does no damage.
You hit the giant cockroach.
Your weapon exudes an aura of protection.
You kill the giant cockroach!
The ogre hits you with a +0 giant club!
* * * LOW HITPOINT WARNING * * *
You take 9 damage, and have 10/35 hp.
MASSIVE DAMAGE!!
You closely miss the ogre. The goblin hits you but does no damage.
The ogre closely misses you.
As you read the scroll labelled BIASMA ASURUBB, it crumbles to dust.
You hear a loud clanging noise!
It was a scroll of noise.
You hear a shout! x5
The goblin closely misses you. The ogre hits you with a +0 giant club!
You die...

.##########
.......>..#
........O†#
.......##@#
........g.#
.#.###.####
# #g #. #.


You could see an ogre and a goblin.

Levels and vault maps discovered:
D:1:      minmay_arrival_hallway, layout_loops_ring
D:2:      layout_basic
D:3:      cheibrodos_pilgrimage, layout_basic, general_overflow_altar,
          lemuel_another_geyser
D:4:      kennysheep_six_static_rooms, layout_loops_ring, serial_shops,
          shop_statue, shop

Notes
Turn   | Place    | Note
-------+----------+-------------------------------------------
     0 | D:1      | puppykicker the Ogre Transmuter began the quest for the
                  | Orb.
     0 | D:1      | Reached XP level 1. HP: 19/19 MP: 3/3
    58 | D:1      | Identified a cursed amulet of inaccuracy (You found it on
                  | level 1 of the Dungeon)
   349 | D:1      | Reached XP level 2. HP: 23/28 MP: 3/5
   353 | D:1      | Identified a +0 whip (You found it on level 1 of the
                  | Dungeon)
   364 | D:1      | Learned a level 2 spell: Wereblood
   389 | D:1      | Identified a scarf of repulsion (You found it on level 1 of
                  | the Dungeon)
   446 | D:1      | Reached skill level 2 in Dodging
   446 | D:1      | Identified a scroll of identify
   446 | D:1      | Identified a potion of mutation
   799 | D:1      | Identified a +0 short sword
   801 | D:1      | Identified a scroll of amnesia
   822 | D:1      | Identified a +1 mace of protection (You found it on level 1
                  | of the Dungeon)
   837 | D:1      | Identified a +0 dagger
   856 | D:1      | Reached skill level 3 in Unarmed Combat
  1018 | D:1      | Reached skill level 2 in Transmutations
  1339 | D:2      | Identified a scroll of teleportation
  1344 | D:1      | Identified a scroll of enchant weapon
  1345 | D:1      | Identified a scroll of random uselessness
  1449 | D:2      | Reached skill level 2 in Fighting
  1723 | D:2      | Reached XP level 3. HP: 24/35 MP: 6/6
  1832 | D:2      | You fall into a shaft and drop 2 floors!
  1853 | D:4      | Identified a +0 whip
  1853 | D:4      | Identified a +0 whip
  1853 | D:4      | Identified a +0 hand crossbow
  1853 | D:4      | Identified a +0 hand axe
  1853 | D:4      | Identified a +0 chain mail
  1856 | D:4      | Identified a +0 giant club
  1856 | D:4      | Noticed an ogre
  1857 | D:4      | Identified a +0 flail
  1875 | D:4      | Identified a +0 giant spiked club
  1875 | D:4      | Noticed an ogre
  1899 | D:3      | Identified a +0 dagger
  1904 | D:3      | Identified a scroll of noise
  1904 | D:3      | Slain by an ogre

Table legend: (Time is in decaauts)
 A = Elapsed time spent in this place.
 B = Non-inter-level travel time spent in this place.
 C = Inter-level travel time spent in this place.
 D = Time resting spent in this place.
 E = Time spent auto-exploring this place.
 F = Levels seen in this place.
 G = Mean time per level.
                   A        B        C        D        E       F      G
               +--------+--------+--------+--------+--------+-----+--------+
         Total |   1936 |   1844 |     92 |    797 |    654 |   4 |  484.0 |
       Dungeon |   1936 |   1844 |     92 |    797 |    654 |   4 |  484.0 |
               +--------+--------+--------+--------+--------+-----+--------+

Top non-repeatable levels by time:
     D:1: 1409 daAuts
     D:2: 450 daAuts
     D:4: 71 daAuts
     D:3: 5 daAuts

Table legend:
 A = Kills in this place as a percentage of kills in entire the game.
 B = Kills by you in this place as a percentage of kills by you in the entire game.
 C = Kills by friends in this place as a percentage of kills by friends in the entire game.
 D = Other kills in this place as a percentage of other kills in the entire game.
 E = Experience gained in this place as a percentage of experience gained in the entire game.
 F = Experience gained in this place divided by the number of levels of this place that you have seen.
                   A       B       C       D       E      F
               +-------+-------+-------+-------+-------+----------------------
         Total | 100.0 | 100.0 |   N/A |   N/A | 100.0 |  12.0
       Dungeon | 100.0 | 100.0 |   N/A |   N/A | 100.0 |  12.0
               +-------+-------+-------+-------+-------+----------------------

Skill      XL: |  1  2 |
---------------+-------+-----
Dodging        | 2 |  2.0
Unarmed Combat | 3 |  3.3
Transmutations | 2 |  2.2
Fighting       | 2 |  2.0
Spellcasting   | |  2.5

Action                   || total
-------------------------++-------
Melee: Unarmed           ||    38
       Headbutt          ||     6
       Kick              ||     2
       Whip              ||    68
       Mace              ||    73
       Punch             ||     1
 Cast: Beastly Appendage ||     9
  Use: Scroll            ||     7
 Stab: Sleeping          ||     1
Armor: Robe              ||    83
Dodge: Dodged            ||   142

Vanquished Creatures
  A dart slug (D:1)
  3 leopard geckos
  3 orcs (D:4)
  6 bats
  2 giant cockroaches
  2 hobgoblins (D:1)
  2 frilled lizards
  3 kobolds (D:1)
  2 rats
24 creatures vanquished.
